[Event "Late-Titled-Tuesday-Blitz-February-20-2024"]
[Site "Chess.com"]
[Date "2024.02.20"]
[Round "3"]
[White "Dzidzik2203"]
[Black "Bigfish1995"]
[Result "0-1"]
[WhiteElo "2396"]
[BlackElo "3164"]
[TimeControl "180+1"]
[EndTime "14:24:56 PST"]
[Termination "Bigfish1995 won on time"]

1. b3 c5 2. Bb2 Nc6 3. e4 e5 4. Nf3 d6 5. c3 Nf6 6. d4 exd4 7. cxd4 Nxe4 8. Bd3 Qa5+ 9. Kf1 d5 10. Qe2 f5 11.
Nc3 Be7 12. Nxd5 O-O 13. Nxe7+ Nxe7 14. Ng5 Nxg5 15. Qxe7 Qd2 16. Bc4+ Be6 17. Bxe6+ Kh8 18. dxc5 Qxb2 19. Re1 Ne4 20. Qh4 Rae8 21. f3 g5 0-1

[Event "Late-Titled-Tuesday-Blitz-February-20-2024"]
[Site "Chess.com"]
[Date "2024.02.20"]
[Round "3"]
[White "NowInChess"]
[Black "el008"]
[Result "0-1"]
[WhiteElo "2296"]
[BlackElo "2549"]
[TimeControl "180+1"]
[EndTime "14:24:56 PST"]
[Termination "el008 won by checkmate"]

1. e4 e6 2. d3 d5 3. Nd2 Nf6 4. Ngf3 c5 5. g3 Nc6 6. Bg2 g6 7. O-O Bg7 8. Re1 O-O 9. c3 dxe4 10. dxe4 Qe7 11. e5 Ng4 12. Nc4 Rd8 13. Qa4 Qc7 14. Bf4 a6 15. Nd6 Ncxe5 16. Nxc8 Raxc8 17. h3 Nxf3+ 18. Bxf3 Ne5 19. Bxe5 Bxe5 20. Qe4 Bf6 21. Qxb7 Qa5 22. Qe4 Rd2 23. Re2 Rcd8 24. Kg2 Qb6 25. b3 Bxc3 26. Rc1 Bf6 27. Rxd2 Rxd2 28. Qf4 Qd8 29. Rxc5 Bd4 30. Rc7 Rxf2+ 31. Kh1 Bf6 32. Rb7 Qd3 33. Qxf6 Qf1# 0-1

[Event "Late-Titled-Tuesday-Blitz-February-20-2024"]
[Site "Chess.com"]
[Date "2024.02.20"]
[Round "3"]
[White "SHIVACalypso"]
[Black "Antipov_Mikhail_Al"]
[Result "0-1"]
[WhiteElo "2495"]
[BlackElo "2952"]
[TimeControl "180+1"]
[EndTime "14:24:57 PST"]
[Termination "Antipov_Mikhail_Al won by checkmate"]

1. c4 c5 2. Nf3 g6 3. g3 Bg7 4. Bg2 d6 5. O-O Nc6 6. Nc3 Bf5 7. d3 Qd7 8. a3 Bh3 9. Rb1 h5 10. e4 Nd4 11. Nxd4 cxd4 12. Nd5 Bxg2 13. Kxg2 h4 14. Qe2 e6 15. Nb4 Nf6 16. Nc2 e5 17. Bg5 hxg3 18. fxg3 Qh3+ 19. Kg1 Ng4 20. Bh4 f6 21.
Ne1 Bh6 22. Ng2 Qxh2# 0-1

[Event "Late-Titled-Tuesday-Blitz-February-20-2024"]
[Site "Chess.com"]
[Date "2024.02.20"]
[Round "3"]
[White "ElDivis"]
[Black "expii"]
[Result "1-0"]
[WhiteElo "2421"]
[BlackElo "2165"]
[TimeControl "180+1"]
[EndTime "14:24:59 PST"]
[Termination "ElDivis won by resignation"]

1. e4 c5 2. Nf3 d6 3. d4 cxd4 4. Nxd4 Nf6 5. Nc3 g6 6. Be3 Bg7 7. f3 O-O 8. Qd2 Nc6 9. O-O-O d5 10. Nxc6 bxc6 11. Bc4 e6 12. Bb3 Nd7 13. h4 a5 14.
h5 a4 15. Nxa4 c5 16. Nxc5 Nxc5 17. Bxc5 Re8 18. hxg6 hxg6 19. exd5 exd5 20. Kb1 Bf5 21. g4 Qf6 22. Bd4 Qxd4 23. Qxd4 Bxd4 24. gxf5 Bf6 25.
fxg6 Rad8 26. gxf7+ Kxf7 27. Bxd5+ Kg7 28. Rdg1+ Kf8 29. Rg8+ Ke7 30. Re1+ Kd7 31. Rgxe8 Rxe8 32. Bc6+ 1-0

[Event "Late-Titled-Tuesday-Blitz-February-20-2024"]
[Site "Chess.com"]
[Date "2024.02.20"]
[Round "3"]
[White "NoHeThTo"]
[Black "Supelyel"]
[Result "1-0"]
[WhiteElo "2611"]
[BlackElo "2400"]
[TimeControl "180+1"]
[EndTime "14:25:01 PST"]
[Termination "NoHeThTo won by resignation"]

1. c4 Nf6 2. g3 d6 3. Bg2 Nbd7 4. Nc3 e5 5. d3 Be7 6. Nf3 O-O 7. O-O c6 8. Rb1 h6 9. b4 a6 10. Nd2 Qc7 11.
a4 Re8 12. b5 axb5 13. axb5 Nc5 14. Nb3 Ne6 15. e3 Bd7 16. Nd2 Nc5 17. Qc2 Bf5 18.
e4 Bd7 19. f4 Ng4 20. Nf3 Qb6 21.
Kh1 Nxd3 22. Qxd3 Nf2+ 23. Rxf2 Qxf2 24. Be3 1-0

[Event "Late-Titled-Tuesday-Blitz-February-20-2024"]
[Site "Chess.com"]
[Date "2024.02.20"]
[Round "3"]
[White "Felix-Rose"]
[Black "noblerone"]
[Result "0-1"]
[WhiteElo "2265"]
[BlackElo "2506"]
[TimeControl "180+1"]
[EndTime "14:25:01 PST"]
[Termination "noblerone won by resignation"]

1. e4 c5 2. Nf3 e6 3. d4 cxd4 4. Nxd4 Qb6 5. Nc3 Bc5 6. Na4 Qa5+ 7. c3 Bxd4 8. Qxd4 Nf6 9. Qc4 Nc6 10. Nc5 O-O 11. Nb3 Qc7 12. Be2 d5 13. exd5 exd5 14. Qh4 Bf5 15. Bg5 Ne4 16. O-O Rfe8 17. Bf4 Qb6 18. Be3 Qd8 19. Rad1 Qxh4 0-1

[Event "Late-Titled-Tuesday-Blitz-February-20-2024"]
[Site "Chess.com"]
[Date "2024.02.20"]
[Round "3"]
[White "Polish_fighter3000"]
[Black "BardArtem"]
[Result "1-0"]
[WhiteElo "3069"]
[BlackElo "2767"]
[TimeControl "180+1"]
[EndTime "14:25:05 PST"]
[Termination "Polish_fighter3000 won by resignation"]

1. Nf3 d5 2. g3 Nf6 3. Bg2 Nbd7 4.
d4 e6 5. c4 dxc4 6. O-O c6 7.
a4 a5 8. Nc3 Bb4 9. Qc2 O-O 10.
Rd1 h6 11. Na2 Nb6 12. Ne5 Be7 13. e4 Re8 14. Be3 Bf8 15. h3 Qc7 16. f4 c5 17.
Nc3 cxd4 18. Nb5 Qb8 19. Bxd4 Nfd7 20. Nxc4 Nxc4 21. Qxc4 Ra6 22. e5 Nb6 23. Qc7 Nd7 24. Qxb8 Nxb8 25. Nc7 Rd8 26. Nxa6 Nxa6 27. Bb6 1-0

[Event "Late-Titled-Tuesday-Blitz-February-20-2024"]
[Site "Chess.com"]
[Date "2024.02.20"]
[Round "3"]
[White "vrekhson"]
[Black "Bryanl106"]
[Result "0-1"]
[WhiteElo "2243"]
[BlackElo "2527"]
[TimeControl "180+1"]
[EndTime "14:25:06 PST"]
[Termination "Bryanl106 won by resignation"]

1. e4 e5 2. Nf3 Nc6 3. Bb5 a6 4. Ba4 Nf6 5. d3 b5 6. Bb3 Be7 7. h3 d6 8. O-O O-O 9. c3 Na5 10. Bc2 c5 11. a4 b4 12. Nbd2 Nc6 13. Re1 h6 14. Nf1 Re8 15. Ng3 Bf8 16. d4 bxc3 17. bxc3 Rb8 18. dxc5 dxc5 19. Be3 Be6 20. Qe2 Rb2 21. Bc1 Rb8 22. Qxa6 Qc7 23. Qe2 c4 24. Nf5 Bxf5 25. exf5 e4 26. Nd2 e3 27. fxe3 Nd5 28.
Nf3 Na5 29. e4 Nxc3 30. Qd2 Bb4 31. f6 Nxe4 32. Qd5 Nxf6 33. Rxe8+ Rxe8 34. Qf5 Nb3 35. Bxh6 Qc5+ 36. Qxc5 Bxc5+ 37. Kh1 Nxa1 0-1

[Event "Late-Titled-Tuesday-Blitz-February-20-2024"]
[Site "Chess.com"]
[Date "2024.02.20"]
[Round "3"]
[White "kylelancman"]
[Black "AlexeiShirov"]
[Result "0-1"]
[WhiteElo "2491"]
[BlackElo "2851"]
[TimeControl "180+1"]
[EndTime "14:25:07 PST"]
[Termination "AlexeiShirov won by checkmate"]

1. e4 e5 2. Nf3 Nc6 3. Nc3 g6 4. Bc4 Bg7 5. a3 Nf6 6. d3 d6 7. h3 Be6 8. O-O Bxc4 9. dxc4 Nd7 10. Be3 O-O 11. Nd5 h6 12. Qd2 Kh7 13. b3 f5 14.
exf5 Rxf5 15. Rae1 Rxf3 16. gxf3 Qh4 17. Kg2 Rf8 18. Qd3 Rxf3 19. Kxf3 e4+ 20. Qxe4 Nce5+ 21. Qxe5 Nxe5+ 22. Ke2 Qe4 23. Nb4 Nf3 24. Rd1 Bc3 25. Rd3 Nd4+ 26. Kd1 Qg2 27. Rxc3 Qxf1+ 28. Kd2 Nf3# 0-1

[Event "Late-Titled-Tuesday-Blitz-February-20-2024"]
[Site "Chess.com"]
[Date "2024.02.20"]
[Round "3"]
[White "Statham_01"]
[Black "Genghis_K"]
[Result "0-1"]
[WhiteElo "2578"]
[BlackElo "2942"]
[TimeControl "180+1"]
[EndTime "14:25:11 PST"]
[Termination "Genghis_K won by resignation"]

1. e4 c5 2. Nf3 d6 3. d4 cxd4 4. Nxd4 Nf6 5. Nc3 a6 6. a3 e5 7. Nf5 d5 8. Bg5 d4 9. Bxf6 gxf6 10. Nb1 Bxf5 11. exf5 Qd5 12. Be2 Nc6 13. Bf3 Qb5 14. Nd2 O-O-O 15. b3 d3 16. c4 Qb6 17. b4 Nd4 18. c5 Qc7 19. O-O Kb8 20. Ne4 Nxf5 21. b5 axb5 22. Rb1 Nd4 23. a4 f5 24. Nc3 e4 25. Bh5 b4 26. Rxb4 Qxc5 27. Qb1 Qxb4 0-1

[Event "Late-Titled-Tuesday-Blitz-February-20-2024"]
[Site "Chess.com"]
[Date "2024.02.20"]
[Round "3"]
[White "AndresDelgado77"]
[Black "kleopl"]
[Result "0-1"]
[WhiteElo "2271"]
[BlackElo "2507"]
[TimeControl "180+1"]
[EndTime "14:25:13 PST"]
[Termination "kleopl won by resignation"]

1. e4 c6 2. Nc3 d5 3. Qf3 e6 4. d4 Nf6 5. e5 Nfd7 6. Qg3 c5 7. Nb5 cxd4 8. Nf3 Nc6 9. Nd6+ Bxd6 10. Qxg7 Bxe5 11. Nxe5 Qf6 12. Qxf6 Nxf6 13. Bb5 Bd7 14.
Bxc6 bxc6 15. f3 c5 16. Bg5 Ng8 17. O-O-O f6 18. Nxd7 Kxd7 19. Bh4 Rf8 20. Rhe1 Ne7 21. g4 h5 22. Bg3 hxg4 23. fxg4 Rfg8 24. h3 Rxh3 25. Rd3 Rxg4 26. Bb8 Rxd3 27. cxd3 Nc6 28. Bh2 Nb4 29. Rd1 Nxa2+ 30. Kb1 Nb4 0-1

[Event "Late-Titled-Tuesday-Blitz-February-20-2024"]
[Site "Chess.com"]
[Date "2024.02.20"]
[Round "3"]
[White "vi_pranav"]
[Black "Galileo22"]
[Result "1-0"]
[WhiteElo "3006"]
[BlackElo "2607"]
[TimeControl "180+1"]
[EndTime "14:25:16 PST"]
[Termination "vi_pranav won by resignation"]

1. e4 e5 2. Nf3 Nc6 3. Bb5 a6 4. Ba4 Nf6 5. O-O Be7 6. d3 b5 7. Bb3 d6 8. a4 Bb7 9. Bg5 Nd7 10. Be3 O-O 11. Nc3 Na5 12. Ba2 b4 13. Nd5 c5 14.
Nxe7+ Qxe7 15. Bg5 Qe8 16. Nh4 Kh8 17. Nf5 f6 18. Nxd6 Qb8 19. Nxb7 Nxb7 20. Be3 Nb6 21. a5 Nd7 22. Bd5 Qc7 23. f4 Rad8 24. Qh5 Nd6 25. f5 Rfe8 26. Rf3 Nf8 27. g4 g6 28. fxg6 Nxg6 29.
Rxf6 Qg7 30. Raf1 Rf8 31. Bh6 1-0

[Event "Late-Titled-Tuesday-Blitz-February-20-2024"]
[Site "Chess.com"]
[Date "2024.02.20"]
[Round "3"]
[White "northridgehawk"]
[Black "ninguno46"]
[Result "1-0"]
[WhiteElo "2269"]
[BlackElo "2511"]
[TimeControl "180+1"]
[EndTime "14:25:17 PST"]
[Termination "northridgehawk won by resignation"]

1. e4 c5 2. d3 Nc6 3. Nd2 g6 4.
Ngf3 Bg7 5. c3 e6 6. g3 Nge7 7. Bg2 d5 8. O-O O-O 9. Qe2 e5 10. h4 h6 11. Rd1 d4 12. Nf1 b5 13. N1h2 Rb8 14. a3 a5 15. Bd2 dxc3 16. Bxc3 b4 17.
axb4 cxb4 18. Be1 Ba6 19. Qe3 Qd6 20. Ng4 Kh7 21. h5 g5 22. Rac1 f5 23. exf5 Nxf5 24.
Qe4 Bb5 25. Ne3 Ne7 26. g4 Kh8 27. gxf5 Bc6 28. Qg4 Ng8 29. Nc4 Qe7 30. Ncxe5 Bxe5 31. Nxe5 Qxe5 32. Rxc6 Nf6 33. Qg3 Qxf5 34. Be4 Qb5 35. Rxf6 1-0

[Event "Late-Titled-Tuesday-Blitz-February-20-2024"]
[Site "Chess.com"]
[Date "2024.02.20"]
[Round "3"]
[White "Marcin"]
[Black "BebeBonito2022"]
[Result "1-0"]
[WhiteElo "2513"]
[BlackElo "2308"]
[TimeControl "180+1"]
[EndTime "14:25:18 PST"]
[Termination "Marcin won on time"]

1. Nf3 Nc6 2. e4 e5 3. d4 exd4 4. Nxd4 Nf6 5. Nc3 Bb4 6. Nxc6 bxc6 7. Bd3 d5 8. exd5 cxd5 9. O-O O-O 10. Bg5 Be6 11. Qf3 Be7 12. h3 Rb8 13. b3 Re8 14.
Rad1 c6 15. Rfe1 Qa5 16. Ne2 c5 17. Nf4 c4 18. Nxe6 cxd3 19. Nxg7 dxc2 20. Rc1 Kxg7 21.
Rxe7 Rxe7 22. Qxf6+ Kg8 23. Qxe7 d4 24. Bh6 Qf5 25.
Qd6 1-0

[Event "Late-Titled-Tuesday-Blitz-February-20-2024"]
[Site "Chess.com"]
[Date "2024.02.20"]
[Round "3"]
[White "FredddieCroderg"]
[Black "jlf287"]
[Result "0-1"]
[WhiteElo "2195"]
[BlackElo "2521"]
[TimeControl "180+1"]
[EndTime "14:25:21 PST"]
[Termination "jlf287 won by resignation"]

1. e4 e5 2. Nf3 Nc6 3. Bb5 a6 4. Bxc6 dxc6 5. O-O Bg4 6. d3 Qf6 7. Nbd2 O-O-O 8. Nc4 Bxf3 9. Qxf3 Qxf3 10. gxf3 f6 11. f4 exf4 12. Bxf4 Ne7 13. Bg3 h5 14. h4 Ng6 15. f4 Bd6 16. Nxd6+ cxd6 17. f5 Ne5 18. Bxe5 dxe5 19. Kf2 Rhe8 20. Rg1 Re7 21. Rg6 Rdd7 22. Ke3 c5 23. b3 Kd8 24. a4 b6 25. Kd2 Ke8 26. Kc3 Kf8 27. Rag1 Rd4 28. R1g3 Ra7 29. Rg1 b5 30. Ra1 bxa4 31. Rxa4 Rxa4 32. bxa4 Rb7 33.
Kc4 Rb4+ 34. Kxc5 Rxa4 35. Rg1 Ra2 36. Rc1 Kf7 37. Kb6 Ke7 38. c4 Kd7 39. c5 Rb2+ 40.
Kxa6 Kc6 41. Rc3 Ra2+ 0-1

[Event "Late-Titled-Tuesday-Blitz-February-20-2024"]
[Site "Chess.com"]
[Date "2024.02.20"]
[Round "3"]
[White "LUISMIGUELOV"]
[Black "zajka-molotok"]
[Result "0-1"]
[WhiteElo "2178"]
[BlackElo "2514"]
[TimeControl "180+1"]
[EndTime "14:25:24 PST"]
[Termination "zajka-molotok won by checkmate"]

1. c4 e5 2. g3 g6 3. Bg2 Bg7 4. Nc3 d6 5. Nf3 f5 6. d3 Nf6 7. h4 c6 8. Bg5 h6 9. Bxf6 Qxf6 10. Qd2 Na6 11. a3 Nc5 12. Rd1 a5 13. Qc2 a4 14.
O-O O-O 15. d4 exd4 16. Rxd4 Nb3 17. Rd3 Nc5 18. Rd4 Qe7 19. Rfd1 Bxd4 20. Rxd4 Be6 21.
e3 Bf7 22. h5 g5 23. Qxf5 Bxh5 24. Qc2 Bxf3 25. Bxf3 Rxf3 26. Qg6+ Qg7 27. Qxd6 Raf8 28. Qxc5 Rxf2 29. Ne4 R2f5 30. Qd6 Rf1+ 31. Kg2 Qf7 32. Nd2 Qf2+ 33. Kh3 Rh1+ 34. Kg4 Qf5# 0-1

[Event "Late-Titled-Tuesday-Blitz-February-20-2024"]
[Site "Chess.com"]
[Date "2024.02.20"]
[Round "3"]
[White "ProphetReborn"]
[Black "CarlosjPineror"]
[Result "1-0"]
[WhiteElo "2843"]
[BlackElo "2568"]
[TimeControl "180+1"]
[EndTime "14:25:28 PST"]
[Termination "ProphetReborn won by resignation"]

1. Nf3 d5 2. g3 Nf6 3. Bg2 h6 4. O-O c6 5. b3 Bf5 6. Bb2 e6 7. c4 Be7 8. d3 O-O 9. Nbd2 Nbd7 10. Re1 a5 11. a3 Bh7 12. Qc2 Ne8 13. e4 Bf6 14. d4 b5 15. c5 dxe4 16. Nxe4 Be7 17. Ne5 Qc7 18. Qe2 Rc8 19. Nxc6 Qxc6 20. Nf6+ Nexf6 21. Bxc6 Rxc6 22. Qxb5 Rfc8 23. Qxa5 Nd5 24. b4 Bf5 25. b5 R6c7 26. b6 Rb7 27. a4 Nb8 28. Qd2 Bg5 29. f4 Bf6 30. a5 Na6 31. Qe2 Ndb4 32.
Bc3 Bd3 33. Qd2 Rd8 34. Bxb4 Nxb4 35. Qxb4 Rxd4 36. c6 Rb8 37. c7 Re8 38. Qc5 Ba6 39. Qc6 Rf8 40. b7 1-0

[Event "Late-Titled-Tuesday-Blitz-February-20-2024"]
[Site "Chess.com"]
[Date "2024.02.20"]
[Round "3"]
[White "VincentKeymer"]
[Black "BabageldiAnnaberdiyev"]
[Result "1-0"]
[WhiteElo "3053"]
[BlackElo "2622"]
[TimeControl "180+1"]
[EndTime "14:25:30 PST"]
[Termination "VincentKeymer won by resignation"]

1. a3 e6 2. Nf3 d5 3. e3 f5 4. c4 Nf6 5. b4 c6 6. Bb2 Bd6 7. Be2 O-O 8. O-O Nbd7 9. Nc3 Qe7 10. Rc1 a5 11. c5 Bc7 12. d4 e5 13. dxe5 Nxe5 14. Na4 Nxf3+ 15. Bxf3 Ne4 16. g3 axb4 17.
axb4 Rxa4 18. Qxa4 Nd2 19. Qd1 Nxf1 20. Kxf1 Be5 21. Bxe5 Qxe5 22. Qd4 Qe7 23. Ra1 g5 24. b5 h6 25. Ra7 f4 26. bxc6 fxg3 27. Bxd5+ Kh7 28.
hxg3 1-0

[Event "Late-Titled-Tuesday-Blitz-February-20-2024"]
[Site "Chess.com"]
[Date "2024.02.20"]
[Round "3"]
[White "IsaqueGoncalvesSanto"]
[Black "Sajkochess"]
[Result "0-1"]
[WhiteElo "1786"]
[BlackElo "2350"]
[TimeControl "180+1"]
[EndTime "14:25:32 PST"]
[Termination "Sajkochess won by resignation"]

1. d4 Nf6 2. c4 e6 3. Nc3 Bb4 4.
e3 O-O 5. Bd3 d5 6. Ne2 dxc4 7.
Bxc4 e5 8. dxe5 Qxd1+ 9. Kxd1 Ng4 10. Ke1 Nxe5 11. Bb3 Nd3+ 12. Kf1 Nc6 13. a3 Bd6 14. Ne4 Be5 15. N2c3 Bf5 16. Ng3 Bg6 17. f4 Bxc3 18. bxc3 Nc5 19. Bc4 Na5 20. Ba2 Nab3 21. f5 Nxa1 22.
fxg6 hxg6 23. Ne2 Nab3 24. Bb2 Rfe8 25. Kf2 Nd3+ 26. Kf3 Nd2+ 27. Kg3 Rxe3+ 0-1

[Event "Late-Titled-Tuesday-Blitz-February-20-2024"]
[Site "Chess.com"]
[Date "2024.02.20"]
[Round "3"]
[White "IlyaGrigorjev"]
[Black "ValeriyGrinev"]
[Result "1-0"]
[WhiteElo "2902"]
[BlackElo "2562"]
[TimeControl "180+1"]
[EndTime "14:25:33 PST"]
[Termination "IlyaGrigorjev won by resignation"]

1. e4 c5 2. Nf3 e6 3. c3 Nf6 4. e5 Nd5 5. a3 d6 6. d4 cxd4 7. c4 Ne7 8. exd6 Qxd6 9. Nc3 Nec6 10.
Nb5 Qd8 11. Bf4 Na6 12. Nbxd4 Nxd4 13. Qxd4 Qxd4 14. Nxd4 Bd7 15. b4 Be7 16. Be2 Bf6 17. Be3 Rc8 18. O-O Nb8 19. Rac1 a6 20. b5 e5 21. Nb3 Be7 22. a4 Bb4 23. Bf3 Rc7 24. Bb6 1-0

[Event "Late-Titled-Tuesday-Blitz-February-20-2024"]
[Site "Chess.com"]
[Date "2024.02.20"]
[Round "3"]
[White "SnekkerAndersen"]
[Black "cmunda"]
[Result "1-0"]
[WhiteElo "2626"]
[BlackElo "2131"]
[TimeControl "180+1"]
[EndTime "14:25:36 PST"]
[Termination "SnekkerAndersen won by resignation"]

1. d4 e6 2. e4 d5 3. Nc3 Bb4 4. e5 Ne7 5. a3 Bxc3+ 6. bxc3 b6 7. Qg4 Kf8 8. h4 h5 9. Qf4 Ba6 10. Nf3 Ng6 11. Qe3 Bxf1 12. Kxf1 Nd7 13. a4 c5 14. Ba3 Kg8 15. g3 Qc7 16. Kg2 Rc8 17. Ng5 cxd4 18. cxd4 Qc3 19. Rhc1 Ne7 20. Bxe7 Rh6 21. Qxc3 Rxc3 22.
Ra3 Rc4 23. c3 Rc6 24. Rb1 f6 25. Nf3 Kf7 26. Bd6 Rh8 27. a5 Rhc8 28. axb6 axb6 29. Rbb3 Ke8 30. Bb4 R6c7 31. Ra6 Rb7 32. Rba3 Nb8 33. Ra7 Rcc7 34. Rxb7 Rxb7 35. Ra8 Kf7 36.
Bd6 Nc6 37. Rf8+ Kg6 38. Re8 Kf7 39. Rc8 Na5 40. Nd2 Nc6 41. Rxc6 1-0

[Event "Late-Titled-Tuesday-Blitz-February-20-2024"]
[Site "Chess.com"]
[Date "2024.02.20"]
[Round "3"]
[White "DarkAlekhine"]
[Black "MagnusCarlsen"]
[Result "0-1"]
[WhiteElo "2831"]
[BlackElo "3355"]
[TimeControl "180+1"]
[EndTime "14:25:39 PST"]
[Termination "MagnusCarlsen won by resignation"]

1. b3 g5 2. Bb2 f6 3. e3 Nh6 4.
Be2 Bg7 5. Bh5+ Kf8 6. h4 g4 7.
Bxg4 Nxg4 8. Qxg4 d5 9. Qe2 c5 10. h5 Bh6 11. d3 Nc6 12. Nd2 Rg8 13. g3 a5 14. a3 a4 15. bxa4 Rxa4 16. Ngf3 Bg4 17.
c4 d4 18. Rh4 Ne5 19. Rxg4 Nxg4 20. exd4 cxd4 21. Nxd4 Qa5 22. O-O-O Rxa3 23. Ne6+ Kf7 24. Qe4 f5 25. Qxb7 Rxd3 26. Nc7 Rxd2 27. Rxd2 Qxd2+ 28. Kb1 Qd3+ 29. Ka1 Qf1+ 30. Ka2 Qxc4+ 31. Kb1 Rd8 0-1

[Event "Late-Titled-Tuesday-Blitz-February-20-2024"]
[Site "Chess.com"]
[Date "2024.02.20"]
[Round "3"]
[White "Hasangatin_Ramil"]
[Black "stasOR4ik"]
[Result "1-0"]
[WhiteElo "2672"]
[BlackElo "2459"]
[TimeControl "180+1"]
[EndTime "14:25:42 PST"]
[Termination "Hasangatin_Ramil won by resignation"]

1. e4 c6 2. Nf3 d5 3. d3 dxe4 4. dxe4 Qxd1+ 5. Kxd1 Bg4 6. Be2 Nd7 7. Nfd2 Bxe2+ 8. Kxe2 h5 9. Nb3 h4 10. Be3 Ngf6 11. f3 Rh5 12. N1d2 e6 13. a4 g5 14. h3 Bd6 15. Nc4 Be5 16. Rhd1 b6 17. Rd2 O-O-O 18. Rad1 Bf4 19. Bxf4 gxf4 20. Nd6+ Kc7 21.
Nxf7 Rg8 22. Kf1 Rh7 23. Nd6 Ne5 24. c4 Rhg7 25. c5 Nh5 26. Nd4 Ng3+ 27. Ke1 Rg6 28. b4 a5 29. b5 bxc5 30. Nxc6 Nxc6 31. bxc6 Nh5 32. Nb5+ Kb6 33. c7 Nf6 34. Rd6+ Kb7 35. Rd8 Rxg2 36. c8=Q+ 1-0

[Event "Late-Titled-Tuesday-Blitz-February-20-2024"]
[Site "Chess.com"]
[Date "2024.02.20"]
[Round "3"]
[White "DefiantChair"]
[Black "Josetricks"]
[Result "1-0"]
[WhiteElo "2605"]
[BlackElo "2403"]
[TimeControl "180+1"]
[EndTime "14:25:43 PST"]
[Termination "DefiantChair won by resignation"]

1. e4 g6 2. d4 Bg7 3. Nc3 c6 4.
f4 d5 5. e5 f6 6. Nf3 Bg4 7. Bd3 Nh6 8. h3 Bxf3 9. Qxf3 O-O 10. h4 fxe5 11. dxe5 Bxe5 12. h5 g5 13. Qg3 Bxc3+ 14.
bxc3 Nf7 15. fxg5 Qd6 16. Bf4 e5 17. g6 exf4 18. gxf7+ Kxf7 19. Qf3 Re8+ 20. Kd2 Nd7 21. Bxh7 Nf6 22. Bg6+ Kg7 23. a4 Ne4+ 24. Kc1 Ng3 25.
Rd1 Re3 26. Qg4 Kh8 27. Bd3 Rg8 28. Qh4 Qe5 29. Ra3 Ne2+ 30. Kb2 Rxg2 31. h6 Ng3 32. Qd8+ Qe8 33. Qf6+ 1-0

[Event "Late-Titled-Tuesday-Blitz-February-20-2024"]
[Site "Chess.com"]
[Date "2024.02.20"]
[Round "3"]
[White "LiemLe"]
[Black "HamedWafa4"]
[Result "1-0"]
[WhiteElo "3029"]
[BlackElo "2743"]
[TimeControl "180+1"]
[EndTime "14:25:44 PST"]
[Termination "LiemLe won by resignation"]

1. Nf3 c5 2. c4 Nc6 3. Nc3 g6 4. e3 Nf6 5. d4 cxd4 6. exd4 d5 7. cxd5 Nxd5 8. Bc4 Nxc3 9. Qb3 Nd5 10. Bxd5 e6 11.
Bxc6+ bxc6 12. O-O Qd5 13. Be3 Qxb3 14. axb3 Bd6 15.
Rfc1 Bb7 16. Ne5 Bxe5 17. dxe5 O-O 18. Bxa7 Rfd8 19. Bc5 Rxa1 20. Rxa1 Ba6 21. Bd6 Bb5 22. b4 h6 23. h4 g5 24. Be7 Rd7 25. Bf6 gxh4 26. Kh2 Kh7 27. Ra8 Kg6 28. f3 Kf5 29. Rf8 Kf4 30. b3 Bd3 31. Rh8 Rb7 32. Rxh6 Ke3 33.
Rxh4 Kd2 34. Bg7 Kc3 35. Bf8 Kxb3 36. Bd6 Kc3 37. g4 Ra7 38. Kg3 Kd4 39. Bc5+ 1-0

[Event "Late-Titled-Tuesday-Blitz-February-20-2024"]
[Site "Chess.com"]
[Date "2024.02.20"]
[Round "3"]
[White "miraitrunks"]
[Black "KetiTsatsalashvili"]
[Result "0-1"]
[WhiteElo "2201"]
[BlackElo "2441"]
[TimeControl "180+1"]
[EndTime "14:25:44 PST"]
[Termination "KetiTsatsalashvili won by resignation"]

1. d4 Nf6 2. Nf3 e6 3. Bf4 d5 4.
e3 c5 5. c3 Nc6 6. Bd3 Bd6 7.
Bg3 cxd4 8. exd4 Qc7 9. Qe2 Bxg3 10. hxg3 h6 11. Nbd2 Bd7 12. Ne5 Nxe5 13. dxe5 Ng8 14. f4 Ne7 15. Qg4 g6 16. Nf3 Qb6 17. O-O-O Bb5 18.
Bc2 O-O-O 19. Nd4 Bd7 20. Qh4 Rde8 21. Qf6 Rh7 22. Nf3 Kb8 23. Ng5 Ng8 24. Nxh7 Nxf6 25. Nxf6 Rd8 26. Rxh6 Qe3+ 27. Kb1 Qxg3 28. Rh7 Bb5 29.
Rxf7 Be2 30. Rc1 Bd3 31. Nd7+ Ka8 32. Nc5 Bxc2+ 33. Kxc2 Qf2+ 34. Kb3 Qxc5 0-1

[Event "Late-Titled-Tuesday-Blitz-February-20-2024"]
[Site "Chess.com"]
[Date "2024.02.20"]
[Round "3"]
[White "ahmedkandiliii"]
[Black "JaackCamel"]
[Result "1-0"]
[WhiteElo "2514"]
[BlackElo "2183"]
[TimeControl "180+1"]
[EndTime "14:25:45 PST"]
[Termination "ahmedkandiliii won by resignation"]

1. d4 d5 2. Nf3 e6 3. e3 c5 4.
Bd3 c4 5. Be2 Nf6 6. b3 b5 7. a4 Bd7 8. axb5 Bxb5 9. bxc4 Bxc4 10. Bxc4 dxc4 11. c3 Nbd7 12. Nbd2 Be7 13. Nxc4 O-O 14.
O-O Rc8 15. Nce5 Rxc3 16. Rxa7 Nxe5 17. Nxe5 Nd5 18. Bd2 Rc7 19. Ba5 Qb8 20. Rxc7 Nxc7 21. Nc6 Qe8 22. Qc2 Nd5 23. Rb1 Bd6 24. e4 Nf4 25. e5 Be7 26. Rb7 Nd5 27. h3 Bg5 28.
Qc5 Qa8 29. Ra7 Qe8 30. Qd6 g6 31. Rb7 Qc8 32. Rb8 Be7 33. Nxe7+ Nxe7 34. Rxc8 Nxc8 35. Qd7 1-0

[Event "Late-Titled-Tuesday-Blitz-February-20-2024"]
[Site "Chess.com"]
[Date "2024.02.20"]
[Round "3"]
[White "Grischuk"]
[Black "LuckyTiger"]
[Result "1-0"]
[WhiteElo "3075"]
[BlackElo "2778"]
[TimeControl "180+1"]
[EndTime "14:25:47 PST"]
[Termination "Grischuk won by resignation"]

1. d4 Nf6 2. c4 c5 3. d5 b5 4.
cxb5 a6 5. bxa6 g6 6. Nc3 d6 7. e4 Bxa6 8. Bxa6 Nxa6 9. Nf3 Bg7 10. O-O O-O 11. Re1 Qb6 12. h3 Nb4 13. a3 Na6 14. e5 Nd7 15. Bg5 Nxe5 16. Nxe5 Bxe5 17. Bxe7 Rfe8 18. Rxe5 dxe5 19. d6 Nc7 20. Ne4 f5 21. Nf6+ Kf7 22. Nxe8 Rxe8 23. d7 Kxe7 24. dxe8=Q+ Kxe8 25. Qe2 1-0

[Event "Late-Titled-Tuesday-Blitz-February-20-2024"]
[Site "Chess.com"]
[Date "2024.02.20"]
[Round "3"]
[White "Jadro9"]
[Black "Bkmzzzzz"]
[Result "1-0"]
[WhiteElo "2629"]
[BlackElo "2421"]
[TimeControl "180+1"]
[EndTime "14:25:47 PST"]
[Termination "Jadro9 won by checkmate"]

1. e4 d6 2. Nc3 Nf6 3. g3 e5 4. Bg2 Be7 5. Nge2 O-O 6. O-O c6 7. h3 b5 8. d3 b4 9. Nb1 a5 10. f4 exf4 11. Bxf4 d5 12. e5 Nh5 13.
Be3 Nd7 14. g4 Nxe5 15. gxh5 h6 16. Nd2 c5 17. Ng3 Ra6 18. Nf5 d4 19. Nxe7+ Qxe7 20. Bf2 Qg5 21. Ne4 Qe7 22. Qd2 f5 23. Nxc5 Qxc5 24.
Qf4 Rd6 25. Rae1 Nf7 26. Bg3 Qxc2 27. Rc1 Qxd3 28. Rfd1 Qb5 29. Rxd4 Rxd4 30. Qxd4 Ng5 31. Rc5 Qe2 32. Kh1 Nf3 33. Qd5+ Be6 34. Qxf3 Qxb2 35.
Be5 Qxa2 36. Qg3 Rf7 37. Rb5 Qb1+ 38. Kh2 a4 39. Rb8+ Kh7 40. Qg6# 1-0

[Event "Late-Titled-Tuesday-Blitz-February-20-2024"]
[Site "Chess.com"]
[Date "2024.02.20"]
[Round "3"]
[White "BogdanDeac"]
[Black "MKlose11"]
[Result "1-0"]
[WhiteElo "3041"]
[BlackElo "2611"]
[TimeControl "180+1"]
[EndTime "14:25:50 PST"]
[Termination "BogdanDeac won by resignation"]

1. d4 Nf6 2. Nf3 c5 3. d5 b5 4. c4 bxc4 5. Nc3 d6 6. e4 g6 7. Bxc4 Bg7 8. h3 O-O 9. O-O Ba6 10. Nd2 Nfd7 11. Bxa6 Nxa6 12. Qe2 Nc7 13. Nc4 Ne5 14. Nxe5 Bxe5 15. Bh6 Re8 16. Rad1 Rb8 17. f4 Bd4+ 18.
Kh1 Qd7 19. f5 Nb5 20. Qf3 Nxc3 21. bxc3 Bf6 22. fxg6 fxg6 23. e5 dxe5 24. d6 Qe6 25. Qc6 Rec8 26. Qa6 Rb6 27. d7 Rd8 28. Qxa7 Rd6 29.
Qxc5 R8xd7 30. Qc8+ Rd8 31. Qxe6+ 1-0